 Dungeon Crawl Stone Soup version 0.30.1-4-g462c640d31 (webtiles) character file.

Game seed: 10165062104681355726

64 jurchenman the Firebug (level 3, -1/19 HPs)
             Began as a Deep Elf Fire Elementalist on Sept 15, 2023.
             Killed by nerve-wracking pain
             ... invoked by Grinder
              (7 damage)
             ... on level 3 of the Dungeon.
             The game lasted 00:06:09 (1774 turns).

jurchenman the Firebug (Deep Elf Fire Elementalist) Turns: 1774, Time: 00:06:09

Health: -1/19      AC:  2    Str:  5    XL:     3   Next: 91%
Magic:  2/10       EV: 12    Int: 21    God:
Gold:   163        SH:  0    Dex: 15    Spells: 4/10 levels left

rFire   . . .        d - +1 dagger
rCold   . . .        (no shield)
rNeg    . . .        a - +0 robe
rPois   .            e - +0 hat
rElec   .            (no cloak)
rCorr   .            (no gloves)
SInv    .            (no boots)
Will    .....        (no amulet)
Stlth   ++           (no ring)
HPRegen 0.23/turn    (no ring)
MPRegen 0.12/turn

%: no passive effects
@: very slightly contaminated
A: no striking features
a: no special abilities


You were on level 3 of the Dungeon.
You visited 1 branch of the dungeon, and saw 3 of its levels.

You collected 163 gold pieces.

Inventory:

Hand Weapons
 d - a +1 dagger (weapon)
Missiles
 i - 4 boomerangs of dispersal
Armour
 a - a +0 robe (worn)
 e - a +0 hat (worn)
 j - a +1 leather armour of fire resistance
Wands
 k - a wand of mindburst (15)
Potions
 b - 2 potions of magic
 c - 2 potions of heal wounds
 f - a potion of resistance {unknown}
 g - a potion of lignification {unknown}
 h - a potion of curing {unknown}
 l - a potion of might {unknown}


   Skills:
 - Level 2.4 Dodging
 - Level 2.4 Stealth
 + Level 4.0 Spellcasting
 + Level 2.4 Conjurations
 + Level 0.7 Translocations
 + Level 4.0 Fire Magic


You had 4 spell levels left.
You knew the following spells:

 Your Spells              Type           Power      Damage    Failure   Level
a - Foxfire               Conj/Fire      68%        2x1d7     3%          1
b - Scorch                Fire           42%        2d7       3%          2
c - Volatile Blastmotes   Fire/Tloc      28%        2d12      14%         3

Your spell library contained the following spells:

 Spells                   Type           Power      Damage    Failure   Level
 Inner Flame              Hex/Fire       12%        N/A       16%         3
 Flame Wave               Conj/Fire      17%        2d7       30%         4


Dungeon Overview and Level Annotations

Branches:
Dungeon (3/15)

Altars:

Annotations:
D:3 Grinder


Message History

l - a yellow potion
b - 2 potions of magic (gained 1)
Found a stone staircase leading down.
You now have 146 gold pieces (gained 11).
You now have 163 gold pieces (gained 17).
Found a chain mail.
Found a stone staircase leading down.
There is a stone staircase leading down here.
Found 6 stones.
You see here 6 stones.
Grinder and a worm come into view.
Grinder shouts!
Grinder blinks!
Casting: Foxfire (safe; 3% risk of failure)
Confirm with . or Enter, or press ? or * to list all spells.
Flames lash Grinder.
Grinder is lightly wounded.
Grinder's fire resistance burns away.
Grinder gestures at you.
You barely resist.
Casting: Scorch (safe; 3% risk of failure)
Confirm with . or Enter, or press ? or * to list all spells.
Flames lash Grinder.
Grinder is burned terribly!
Grinder is moderately wounded.
Grinder gestures at you. Pain shoots through your body!
Casting: Scorch (safe; 3% risk of failure)
Confirm with . or Enter, or press ? or * to list all spells.
Flames lash Grinder.
Grinder is burned terribly!
Grinder is heavily wounded.
Grinder hits you.
You writhe in agony.
Casting: Scorch (safe; 3% risk of failure)
Confirm with . or Enter, or press ? or * to list all spells.
You miscast Scorch.
You are very lightly contaminated with residual magic.
Nothing appears to happen.
Grinder completely misses you. Grinder attacks as you move away!
Grinder hits you but does no damage. Grinder gestures at you.
Pain shoots through your body!
You die...

#.#.# #.#.# #.#.# #.#.# #
#.#.###### #. #w#.#....# #..
###5#.#.##.#
###...###<....#..#.#
............#@...#.#
###....######.#..#.# #....
#.#..#.# #....
#.#..#.###########
#....######.####.##(.......#
##.#...........#.##.######.#
#.########.##.#.##.### #.#
.. #.##.#......# #.#
###.###.##.#..8#8.####.#


You could see Grinder (combustible) and a worm.

Vanquished Creatures
  An adder (D:2)
  2 worms (D:2)
  A dart slug (D:2)
  3 ball pythons
  3 endoplasms
  2 giant cockroaches
  A goblin (D:2)
  9 hobgoblins
  3 quokkas
  5 bats
  3 frilled lizards
  6 kobolds
  7 rats
46 creatures vanquished.

Vanquished Creatures (others)
  85 foxfires
85 creatures vanquished.

Grand Total: 131 creatures vanquished

Notes
Turn   | Place    | Note
-------+----------+-------------------------------------------
     0 | D:1      | jurchenman the Deep Elf Fire Elementalist began the quest
                  | for the Orb.
     0 | D:1      | Reached XP level 1. HP: 10/10 MP: 6/6
   383 | D:1      | Reached XP level 2. HP: 9/15 MP: 4/8
   445 | D:1      | Learned a level 2 spell: Scorch
   912 | D:2      | Reached XP level 3. HP: 10/19 MP: 2/10
  1028 | D:2      | Learned a level 3 spell: Volatile Blastmotes
  1464 | D:2      | Found a faded altar of an unknown god.
  1769 | D:3      | Noticed Grinder
  1774 | D:3      | Killed from afar by Grinder

Illustrated notes

Levels and vault maps discovered:
D:1:      ncdulo_watergridlock, layout_loops_ring, minmay_surrounded
D:2:      layout_rooms, chequers_ecumenical_altar_twisty, minmay_nonomino_d4
D:3:      layout_basic, zin_treasury, mainiacjoe_overflow_paths, fountainhead,
          minmay_statues_item, uniq_robin, uniq_grinder

Skill      XL: |  1  2  3 |
---------------+----------+-----
Conjurations   | 2 |  2.4
Fire Magic     | 4 |  4.0
Spellcasting   | 4 |  4.0
Dodging        | |  2.4
Stealth        | |  2.4
Translocations | |  0.7

Action                     || total
---------------------------++-------
  Melee: Dagger            ||    29
   Cast: Foxfire           ||    49
         Scorch            ||     5
    Use: Scroll            ||     6
   Stab: Sleeping          ||     4
 Armour: Robe              ||    10
  Dodge: Dodged            ||    38
